 Dungeon Crawl Stone Soup version 0.31-a0-1019-g3dd9dd1025 (webtiles) character file.

Game seed: 6620997678109806738

9 sealgaire the Conjurer (level 2, 0/15 HPs)
             Began as a Deep Elf Conjurer on Nov 17, 2023.
             Slain by a goblin
             ... wielding a +0 club
              (2 damage)
             ... on level 1 of the Dungeon.
             The game lasted 00:10:02 (553 turns).

sealgaire the Conjurer (Deep Elf Conjurer)           Turns: 553, Time: 00:10:03

Health: 0/15       AC:  9    Str:  4    XL:     2   Next: 6%
Magic:  5/8        EV:  0    Int: 22    God:
Gold:   26         SH:  0    Dex: 13    Spells: 6/7 levels left

rFire   . . .        (no weapon)
rCold   . . .        (no shield)
rNeg    . . .        h - +0 chain mail
rPois   .            (no helmet)
rElec   .            c - +0 cloak
rCorr   .            (no gloves)
SInv    .            (no boots)
Will    .....        (no amulet) Stlth
                     (no ring)
HPRegen 0.22/turn    (no ring)
MPRegen 0.11/turn

%: no passive effects
@: contaminated, glowing
A: no striking features
a: no special abilities


You were on level 1 of the Dungeon.
You visited 1 branch of the dungeon, and saw 1 of its levels.

You collected 26 gold pieces.

Inventory:

Hand Weapons
 e - a +0 dagger
Missiles
 j - 4 stones
Armour
 a - a +0 robe
 c - a +0 cloak (worn)
 h - a +0 chain mail (worn)
Scrolls
 d - a scroll of blinking {unknown}
 f - a scroll of enchant weapon {unknown}
Potions
 g - a potion of brilliance {unknown}
 i - 2 potions of enlightenment {unknown}


   Skills:
 + Level 2.4 Dodging
 + Level 2.4 Stealth
 + Level 3.1 Spellcasting
 + Level 4.8 Conjurations


You had 6 spell levels left.
You knew the following spells:

 Your Spells              Type           Power      Damage    Failure   Level
a - Magic Dart            Conj           96%        1d7       100%        1

Your spell library contained the following spells:

 Spells                   Type           Power      Damage    Failure   Level
 Searing Ray              Conj           48%        2d6       100%        2
 Dazzling Flash           Conj/Hex       28%        N/A       100%        3
 Fulminant Prism          Conj/Hex       7%         3d7       100%        4
 Iskenderun's Mystic Bla  Conj/Tloc      14%        2d5       100%        4


Dungeon Overview and Level Annotations

Branches:
Dungeon (1/15)

Altars:


Message History

The goblin hits you but does no damage. Magic courses through your body.
The rat bites you but does no damage. The goblin hits you but does no damage.
Casting: Magic Dart (safe; 100% risk of failure)
Confirm with . or Enter, or press ? or * to list all spells.
Aiming: Magic Dart (safe; 100% risk of failure)
Press: ? - help, Shift-Dir - straight line, f - rat, p - goblin
Aim: a rat (100% to hit)
You miscast Magic Dart.
Nothing appears to happen.
The rat bites you but does no damage. The goblin hits you but does no damage.
Casting: Magic Dart (safe; 100% risk of failure)
Confirm with . or Enter, or press ? or * to list all spells.
Aiming: Magic Dart (safe; 100% risk of failure)
Press: ? - help, Shift-Dir - straight line, f/p - rat
Aim: a rat (100% to hit)
You miscast Magic Dart.
You are contaminated with residual magic.
Nothing appears to happen.
The rat bites you but does no damage. The goblin hits you but does no damage.
The goblin attacks as it pursues you! The goblin hits you with a +0 club.
You feel less contaminated with magical energies.
Casting: Magic Dart (safe; 100% risk of failure)
Confirm with . or Enter, or press ? or * to list all spells.
Aiming: Magic Dart (safe; 100% risk of failure)
Press: ? - help, Shift-Dir - straight line, f/p - rat
Aim: a rat (100% to hit)
You miscast Magic Dart.
You are contaminated with residual magic.
Nothing appears to happen.
The rat bites you but does no damage. The goblin hits you with a +0 club.
Casting: Magic Dart (safe; 100% risk of failure)
Confirm with . or Enter, or press ? or * to list all spells.
Aiming: Magic Dart (safe; 100% risk of failure)
Press: ? - help, Shift-Dir - straight line, f/p - rat
Aim: a rat (100% to hit)
You miscast Magic Dart.
Nothing appears to happen.
The rat bites you. The goblin hits you with a +0 club.
* * * LOW HITPOINT WARNING * * *
The goblin attacks as it pursues you! The goblin hits you with a +0 club.
You die...

#####.#.# #....
........# #..# .#
#####.#.###.# .# #
#.#.....## #.## #
..##.....# ...# #
#..##.###.## (#.# #
#.>...# #..#######...# #
#.###.###..##.......####
# #.
#........@gr.......# #
###.##.##.##.##.##... #
##.............# #
#.....##.##.##.# #
#...#.##.##.##.#
....#.#.##.......#
###...#.#####.#### ###
#.......# #########


You could see a goblin and a rat.

Vanquished Creatures
  4 bats (D:1)
  A giant cockroach (D:1)
  A goblin (D:1)
  A hobgoblin (D:1)
  A quokka (D:1)
  A rat (D:1)
9 creatures vanquished.

Notes
Turn   | Place    | Note
-------+----------+-------------------------------------------
     0 | D:1      | sealgaire the Deep Elf Conjurer began the quest for the
                  | Orb.
     0 | D:1      | Reached XP level 1. HP: 10/10 MP: 6/6
   258 | D:1      | Found a faded altar of an unknown god.
   359 | D:1      | Reached XP level 2. HP: 15/15 MP: 0/8
   553 | D:1      | Slain by a goblin

Illustrated notes

Levels and vault maps discovered:
D:1:      dpeg_arrival_rooms_a, layout_loops_ring, basic_ecumenical_altar,
          lexackson_kobold_supper

Action                     || total
---------------------------++-------
   Cast: Magic Dart        ||    16
    Use: Potion            ||     1
 Armour: Chain mail        ||    18

Table legend: (Time is in decaauts)
 A = Elapsed time spent in this place.
 B = Non-inter-level travel time spent in this place.
 C = Inter-level travel time spent in this place.
 D = Time resting spent in this place.
 E = Time spent auto-exploring this place.
 F = Levels seen in this place.
 G = Mean time per level.
                   A        B        C        D        E       F      G
               +--------+--------+--------+--------+--------+-----+--------+
         Total |    552 |    304 |    248 |    200 |      0 |   1 |  552.0 |
       Dungeon |    552 |    304 |    248 |    200 |      0 |   1 |  552.0 |
               +--------+--------+--------+--------+--------+-----+--------+

Top non-repeatable levels by time:
     D:1: 552 daAuts
